 Dungeon Crawl Stone Soup version 0.29-a0-380-gf50f0a9fbc (webtiles) character file.

Game seed: 5709702443837249498

9 Antichthon the Skirmisher (level 2, 0/24 HPs)
             Began as a Formicid Abyssal Knight on May 5, 2022.
             Was a Believer of Lugonu.
             Succumbed to Sigmund's poison
             ... on level 2 of the Dungeon.
             The game lasted 00:01:27 (725 turns).

Antichthon the Skirmisher (Formicid Abyssal Knight)  Turns: 725, Time: 00:01:27

Health: 0/24       AC:  3    Str: 17    XL:     2   Next: 25%
Magic:  3/3        EV: 10    Int:  9    God:    Lugonu [**....]
Gold:   65         SH:  9    Dex: 17    Spells: 1/1 levels left

rFire   . . .      SeeInvis +   a - +1 hand axe
rCold   + . .      Faith    .   f - +2 kite shield {rC+}
rNeg    . . .      Spirit   .   b - +0 leather armour
rPois   .          Reflect  .   (helmet unavailable)
rElec   .          Harm     .   (no cloak)
rCorr   .          Rampage  .   (no gloves)
Will    .....                   (no boots)
Stlth   +.........              (no amulet)
HPRegen 0.08/turn               d - +6 ring of dexterity
MPRegen 0.08/turn               (no ring)

@: lethally poisoned (0 -> -7)
A: permanent stasis, dig shafts and tunnels, antennae 3, four strong arms
a: Dig, Shaft Self, Renounce Religion, Depart the Abyss, Bend Space


You were on level 2 of the Dungeon.
You worshipped Lugonu.
Lugonu was pleased with you.
You visited 1 branch of the dungeon, and saw 2 of its levels.
You visited the Abyss 1 time.

You collected 65 gold pieces.

Inventory:

Hand Weapons
 a - a +1 hand axe (weapon)
Armour
 b - a +0 leather armour (worn)
 f - a +2 kite shield of cold resistance (worn)
Jewellery
 d - a +6 ring of dexterity (left hand)
Wands
 e - a wand of acid (3)
Potions
 c - 2 potions of haste


   Skills:
 - Level 3.2 Fighting
 - Level 2.0 Axes
 * Level 1.7 Crossbows
 - Level 2.1 Armour
 - Level 0.8 Dodging
 - Level 2.1 Invocations


You had one spell level left.
You didn't know any spells.
Your spell library was empty.

Dungeon Overview and Level Annotations

Branches:
Dungeon (2/15)

Altars:

Shops:
D:1 [

Annotations:
D:2 Sigmund


Innate Abilities, Weirdness & Mutations

You cannot be hasted, slowed, berserked, paralysed or teleported.
You can dig through walls and to a lower floor.
You have a pair of large antennae on your head. (SInv)
Your four strong arms can wield two-handed weapons with a shield.


Message History

Sigmund hits you but does no damage.
You are poisoned.
You barely miss Sigmund.
Sigmund is moderately wounded.
You feel sick.
You barely miss Sigmund.
Sigmund is moderately wounded.
You feel sick.
Sigmund hits you with a +1 scythe of venom.
You hit Sigmund.
Sigmund is moderately wounded.
You feel sick. You block Sigmund's attack.
You closely miss Sigmund.
Sigmund is moderately wounded.
You feel sick.
You are no longer poisoned.
Sigmund casts a spell at you.
You are confused.
Sigmund hits you with a +1 scythe of venom.
You are poisoned.
You barely miss Sigmund.
Sigmund is moderately wounded.
You feel very sick.
You slash Sigmund!
Sigmund is severely wounded.
You feel sick. Sigmund closely misses you.
Okay, then.
Sigmund attacks as you move away! Sigmund barely misses you.
You feel sick.
Sigmund hits you from afar with a +1 scythe of venom.
* * * LOW HITPOINT WARNING * * *
You are lethally poisoned!
Unknown command.
It was a potion of haste.
Your stasis prevents you from being hasted.
* * * LOW HITPOINT WARNING * * *
You feel sick.
Unknown command.
It was a potion of magic.
Magic courses through your body.
You feel less confused.
You die...

#.# #.#.#.#.#.#.#.#. #.#
##...†.......
########.####.#.#.#.#.#.#
#........##...............
#.#########....#.#.#.#.#.#.
#.###<### #.............
#.#.....# #.....#.#.#.#.#
#.#.#.#.# #....#..@?.....
#.#...#.# #....#@........
#.#####.# ###.##.########
#.......# .. ... #.#######
##....## ### .<.... #.#.#.
#.#. . # .. .#


You could see Sigmund (invisible).

Vanquished Creatures
  A dart slug (D:1)
  2 giant cockroaches (D:2)
  A goblin (D:1)
  A bat (D:1)
  3 rats
8 creatures vanquished.

Notes
Turn   | Place    | Note
-------+----------+-------------------------------------------
     0 | Abyss:1  | Antichthon the Formicid Abyssal Knight began the quest for
                  | the Orb.
     0 | Abyss:1  | Reached XP level 1. HP: 18/18 MP: 2/2
    30 | Abyss:1  | Noticed a golden eye
    30 | Abyss:1  | Noticed a neqoxec
    31 | D:1      | Escaped the Abyss
   193 | D:1      | Found Sachayn's Armour Shoppe.
   247 | D:1      | Reached skill level 1 in Crossbows
   258 | D:1      | Reached ** piety under Lugonu
   484 | D:1      | Reached XP level 2. HP: 24/24 MP: 3/3
   706 | D:2      | Noticed Sigmund
   725 | D:2      | Succumbed to Sigmund's poison

Illustrated notes

Levels and vault maps discovered:
D:1:      ncdulo_lavacross, layout_rooms, serial_shops, shop, minivault_5
D:2:      kennysheep_six_static_rooms, layout_basic, basic_altar, hex_large,
          uniq_sigmund

Skill      XL: |  1 |
---------------+----+-----
Crossbows      | 1 |  1.7
Fighting       | |  3.2
Axes           | |  2.0
Armour         | |  2.1
Dodging        | |  0.8
Invocations    | |  2.1

Action                   || total
-------------------------++-------
Melee: Hand axe          ||    26
Invok: Depart the Abyss  ||     1
  Use: Potion            ||     2
Armor: Leather armour    ||     5
Dodge: Dodged            ||     9
Block: Kite shield       ||     7

Table legend: (Time is in decaauts)
 A = Elapsed time spent in this place.
 B = Non-inter-level travel time spent in this place.
 C = Inter-level travel time spent in this place.
 D = Time resting spent in this place.
 E = Time spent auto-exploring this place.
 F = Levels seen in this place.
 G = Mean time per level.
                   A        B        C        D        E       F      G
               +--------+--------+--------+--------+--------+-----+--------+
         Total |    732 |    710 |     22 |      0 |    558 |   3 |  244.0 |
       Dungeon |    701 |    679 |     22 |      0 |    528 |   2 |  350.5 |
         Abyss |     31 |     31 |      0 |      0 |     30 |   1 |   31.0 |
               +--------+--------+--------+--------+--------+-----+--------+

Top non-repeatable levels by time:
     D:1: 586 daAuts
     D:2: 114 daAuts
 Abyss:1: 31 daAuts
